 Dungeon Crawl Stone Soup version 0.31.0-1-g2c135a0 (webtiles) character file.

Game seed: 4706403467873655646

107 malesh the Slasher (level 4, -1/34 HPs)
             Began as a Demonspawn Gladiator on Mar 29, 2024.
             Killed by divine providence
             ... invoked by an orc priest
              (12 damage)
             ... on level 3 of the Dungeon.
             The game lasted 00:07:16 (2077 turns).

malesh the Slasher (Demonspawn Gladiator)           Turns: 2077, Time: 00:07:18

Health: -1/34      AC:  5    Str: 16    XL:     4   Next: 57%
Magic:  4/4        EV: 12    Int:  9    God:
Gold:   74         SH:  0    Dex: 14    Spells: 3/3 levels left

rFire   . . .        a - +0 long sword
rCold   . . .        (no shield)
rNeg    . . .        b - +0 leather armour
rPois   .            (helmet restricted)
rElec   .            (no cloak)
rCorr   .            (no gloves)
SInv    .            k - +0 pair of boots
Will    .....        (no amulet)
Stlth   +            (no ring)
HPRegen 0.25/turn    (no ring)
MPRegen 0.09/turn

%: no passive effects
@: no status effects
A: antennae 1, foul stench 1, sharp scales 1
a: no special abilities


You were on level 3 of the Dungeon.
You visited 1 branch of the dungeon, and saw 3 of its levels.

You collected 74 gold pieces.

Inventory:

Hand Weapons
 a - a +0 long sword (weapon)
 i - a +2 dagger of venom
Missiles
 d - a throwing net (quivered)
 e - a javelin
Armour
 b - a +0 leather armour (worn)
 k - a +0 pair of boots (worn)
Scrolls
 h - 3 scrolls of identify
Potions
 f - a potion of curing
 l - a potion of mutation


   Skills:
 + Level 2.6 Fighting
 + Level 3.9 Long Blades
 + Level 2.1 Throwing
 + Level 0.6 Armour
 + Level 3.1 Dodging
 + Level 0.3 Stealth


You had 3 spell levels left.
You didn't know any spells.
Your spell library contained the following spells:

 Spells                   Type           Power      Damage    Failure   Level
 Fugue of the Fallen      Necr           0%         N/A       83%         3
 Ozocubu's Armour         Ice            0%         N/A       83%         3
 Manifold Assault         Tloc           0%         N/A       99%         4


Dungeon Overview and Level Annotations

Branches:
Dungeon (3/15)

Altars:


Innate Abilities, Weirdness & Mutations

You have a pair of small antennae on your head.
You may rarely emit foul miasma when damaged in melee.
You are partially covered in razor-sharp scales. (AC +1, Slay +1)


Message History

A kobold comes into view. It is wielding a +0 club.
The orc moves out of view.
The orc shouts!
The rat squeaks loudly.
A hobgoblin comes into view.
The hobgoblin shouts!
The hobgoblin hits you.
The hobgoblin attacks as it pursues you!
The hobgoblin misses you.
The orc priest mumbles some strange prayers to Beogh against you.
Beogh smites you!
You barely miss the hobgoblin. The hobgoblin closely misses you.
You slash the hobgoblin!
You kill the hobgoblin!
Found a runed long sword.
Found a scroll labelled EGIBOF FUWEM.
There is an open door here.
Things that are here:
a +0 quarterstaff; a hobgoblin corpse; a rat corpse
There is a stone staircase leading up here.
You see here a +0 helmet.
You hit the orc but do no damage. The orc hits you but does no damage.
You closely miss the orc. The orc completely misses you.
The orc barely misses you.
You hit the orc.
The orc is severely wounded.
The orc priest looks encouraged for a moment.
The orc misses you.
You hit the orc.
The orc is almost dead.
The orc hits you with a +0 flail!
You hit the orc but do no damage.
The orc is almost dead.
The orc hits you with a +0 flail.
You hit the orc but do no damage.
The orc is almost dead.
The orc priest calls down the wrath of Beogh upon you.
Beogh smites you! The orc misses you.
The orc priest invokes the aid of Beogh against you.
Beogh smites you!
You die...

#.....#.....
##.####.....
#..........
######....o
#....#.....
#....#.....
#....#.....
########....#.....
#@ooKo.'..........
########....#.....
######..... #.....
#..... ......
....... .......


You could see an orc priest, 2 orcs and a kobold.

Vanquished Creatures
  A bombardier beetle (D:3)
  2 adders (D:2)
  2 orcs (D:3)
  8 ball pythons
  3 bats
  6 endoplasms
  2 giant cockroaches
  4 goblins
  6 hobgoblins
  2 jackals (D:3)
  8 kobolds
  2 quokkas
  3 frilled lizards (D:2)
  3 rats
52 creatures vanquished.

Notes
Turn   | Place    | Note
-------+----------+-------------------------------------------
     0 | D:1      | malesh the Demonspawn Gladiator began the quest for the
                  | Orb.
     0 | D:1      | Reached XP level 1. HP: 16/16 MP: 1/1
   149 | D:1      | Gained mutation: You are partially covered in razor-sharp
                  | scales. (AC +1, Slay +1) [demonic ancestry]
   149 | D:1      | Reached XP level 2. HP: 22/22 MP: 2/2
   999 | D:2      | Gained mutation: You may rarely emit foul miasma when
                  | damaged in melee. [demonic ancestry]
   999 | D:2      | Reached XP level 3. HP: 24/28 MP: 3/3
  1902 | D:3      | Gained mutation: You have a pair of small antennae on your
                  | head. [demonic ancestry]
  1902 | D:3      | Reached XP level 4. HP: 34/34 MP: 4/4
  2077 | D:3      | Killed from afar by an orc priest

Illustrated notes

Levels and vault maps discovered:
D:1:      dpeg_arrival_connections, layout_rooms, lemuel_flame_loot_1
D:2:      minmay_inner_zag, layout_loops_ring, minivault_23,
          minmay_stone_trees_medium
D:3:      layout_basic

Skill      XL: |  1  2 |
---------------+-------+-----
Throwing       | 2 |  2.1
Dodging        | 3 |  3.1
Long Blades    | 3 |  3.9
Fighting       | |  2.6
Armour         | |  0.6
Stealth        | |  0.3

Action                     |  1- 3 |  4- 6 || total
---------------------------+-------+-------++-------
  Melee: Long sword        |   126 |    30 ||   156
  Throw: Throwing net      |     1 |     2 ||     3
    Use: Potion            |     1 |       ||     1
         Scroll            |     4 |       ||     4
   Stab: Sleeping          |     1 |       ||     1
         Held in net/web   |       |     2 ||     2
 Armour: Leather armour    |    76 |    10 ||    86
  Dodge: Dodged            |    85 |    20 ||   105
